 Dungeon Crawl Stone Soup version 0.26-a0-651-gb41185065b (webtiles) character file.

Game seed: 13316280122927816763

1029 Irenicus the Geomancer (level 8, -3/62 HPs)
             Began as a Deep Dwarf Earth Elementalist on Oct 20, 2020.
             Killed by divine providence
             ... invoked by an orc priest
              (6 damage)
             ... on level 5 of the Dungeon.
             The game lasted 00:11:30 (2721 turns).

Irenicus the Geomancer (DDEE)                       Turns: 2721, Time: 00:11:32

Health: -3/62      AC:  6    Str: 11 (13) XL:     8   Next: 3%
Magic:  6/10       EV: 12    Int: 17      God:
Gold:   132        SH:  0    Dex: 11 (13) Spells: 7/10 levels left

rFire    . . .     SeeInvis .   f - +3 dagger (venom)
rCold    . . .     Faith    .   (no shield)
rNeg     + . .     Spirit   .   s - +1 leather armour {rN+}
rPois    .         Reflect  .   (no helmet)
rElec    .         Harm     .   (no cloak)
rCorr    +         Rampage  .   v - +1 pair of gloves
MR       +....                  (no boots)
Stlth    ++........             (no amulet)
HPRegen  0.00/turn              q - ring of resist corrosion
MPRegen  0.12/turn              (no ring)

@: lethally poisoned (-3 -> -3), non-regenerating
A: damage resistance, heal wounds, sense surroundings 1, no regeneration
a: Heal Wounds


You were on level 5 of the Dungeon.
You visited 1 branch of the dungeon, and saw 5 of its levels.

You collected 132 gold pieces.

Inventory:

Hand Weapons
 f - a +3 dagger of venom (weapon)
   (You took it off a goblin on level 1 of the Dungeon)
Missiles
 a - 5 javelins (quivered)
 n - 10 poisoned darts
Armour
 s - a +1 leather armour of positive energy (worn)
   (You found it on level 5 of the Dungeon)
 v - a +1 pair of gloves (worn)
   (You found it on level 3 of the Dungeon)
Jewellery
 q - a ring of resist corrosion (left hand)
   (You found it on level 2 of the Dungeon)
Wands
 w - a wand of iceblast (6)
   (You found it on level 3 of the Dungeon)
Scrolls
 c - a scroll of fog
 g - 3 scrolls of teleportation
 h - 5 scrolls of enchant armour
 j - 3 scrolls of remove curse
 k - a scroll of identify
Potions
 e - 2 potions of heal wounds
 p - a potion of lignification {!q}
 u - a potion of curing


   Skills:
 - Level 2.1 Dodging
 - Level 2.4 Stealth
 - Level 1.7 Spellcasting
 - Level 0.8 Transmutations
 + Level 12.4 Earth Magic


You had 7 spell levels left.
You knew the following spells:

 Your Spells              Type           Power        Failure   Level
a - Sandblast             Erth           #####.       1%          1
w - Passwall              Tmut/Erth      ###.....     2%          2

Your spell library contained the following spells:

 Spells                   Type           Power        Failure   Level
 Lee's Rapid Deconstruct  Erth           #####.....   4%          5
 Stone Arrow              Conj/Erth      ###...       6%          3
 Petrify                  Tmut/Erth      ###.....     17%         4
 Confusing Touch          Hex            #.......     61%         3
 Gell's Gravitas          Tloc           #.........   61%         3
 Yara's Violent Unravell  Hex/Tmut       #.........   99%         5
 Metabolic Englaciation   Hex/Ice        #.........   100%        5


Dungeon Overview and Level Annotations

Branches:
Dungeon (5/15)
 Temple: D:4-7

Altars:
Fedhas
Kikubaaqudgha
Vehumet

Shops:
D:4 ?


Innate Abilities, Weirdness & Mutations

You are resistant to damage.
You can heal yourself by infusing magical energy.
You passively map a small area around you.
You do not regenerate.


Message History

The ufetubus hits you but does no damage.
A worker ant comes into view.
The worker ant twitches its antennae in your direction.
You hit the ufetubus.
You kill the ufetubus!
You have reached level 8!
You feel stronger.
You hit the leopard gecko.
The leopard gecko is almost dead.
The leopard gecko misses you.
You hit the leopard gecko.
You kill the leopard gecko!
You feel less ready to backstab.
Items here: ( )) ? †.
You feel a little less clever now. The worker ant misses you.
An ogre comes into view. It is wielding a +0 giant club.
An orc wizard comes into view. It is wielding a +0 dagger.
You see here an arrow.
The worker ant bites you.
You hit the worker ant but do no damage.
The worker ant is poisoned.
The worker ant barely misses you.
You closely miss the worker ant.
The worker ant is lightly wounded.
The worker ant barely misses you.
The ogre shouts!
You hit the worker ant but do no damage.
The worker ant looks as sick as possible!
The worker ant is moderately wounded.
The worker ant barely misses you. The worker ant bites you.
You are poisoned.
The worker ant poisons you!
You hit the worker ant.
The worker ant is almost dead.
You kill the worker ant!
You hit the orc wizard.
The orc wizard is poisoned.
The orc wizard is lightly wounded.
An orc comes into view. It is wielding a +0 war axe.
The orc wizard hits you with a +0 dagger.
* * * LOW HITPOINT WARNING * * *
You take 2 damage, and have 7/62 hp.
You hit the orc wizard but do no damage.
The orc wizard is lightly wounded.
The orc wizard hits you with a +0 dagger.
You closely miss the orc wizard.
The orc wizard is lightly wounded.
The orc wizard hits you but does no damage.
You feel much better.
The orc wizard hits you but does no damage.
You regained 19 hp, and now have 26/62 hp.
You barely miss the orc wizard.
The orc wizard is moderately wounded.
The ogre closely misses you. The orc wizard casts a spell at you.
The magic dart hits you!
* * * LOW HITPOINT WARNING * * *
You take 8 damage, and have 18/62 hp.
You barely miss the orc wizard.
The orc wizard is moderately wounded.
The ogre hits you with a +0 giant club!
* * * LOW HITPOINT WARNING * * *
An orc comes into view. It is wielding a +0 falchion.
An orc comes into view. It is wielding a +0 dagger.
You take 10 damage, and have 8/62 hp.
The orc shouts! x2
You hit the ogre.
The ogre is poisoned.
The ogre is lightly wounded.
The orc throws a boomerang.
The boomerang completely misses you.
The weapon returns to the orc!
The ogre misses you.
The orc wizard hits you but does no damage.
You hit the ogre.
The ogre looks as sick as possible!
The ogre is moderately wounded.
The orc throws a boomerang.
The boomerang closely misses you.
The weapon returns to the orc!
An orc priest comes into view. It is wielding a +0 dagger.
A quokka zombie comes into view.
The ogre hits you with a +0 giant club!
* * * LOW HITPOINT WARNING * * *
The orc wizard hits you with a +0 dagger.
You take 7 damage, and have 1/62 hp.
The orc wizard hits you but does no damage.
You see here an arrow.
You feel much better.
The orc wizard hits you but does no damage.
You regained 23 hp, and now have 24/62 hp.
You closely miss the orc wizard.
The orc wizard is heavily wounded.
The orc hits you with a +0 war axe. The ogre misses you.
You take 3 damage, and have 21/62 hp.
You hit the orc.
The orc is moderately wounded.
The orc hits you with a +0 war axe.
The ogre hits you with a +0 giant club!!
* * * LOW HITPOINT WARNING * * *
You take 18 damage, and have 3/62 hp.
MASSIVE DAMAGE!!
The orc wizard looks more healthy.
The orc wizard barely misses you.
Items here: ( )) ? †.
The orc priest calls down the wrath of Beogh upon you.
Beogh smites you!
You die...

* , #............
#...........# , #..
############# , ,#..,*
#...* , , #...
#...#############
###.....O##.......#########
..'..Z..oo@....(....>....).
.#....oo##.......#########
#..o...##.......# ,,
#......##.......#
.........##.......#
.#.##....########## #
#....# #....# * , * ,#.....
, *


You could see an ogre (very poisoned), an orc priest, an orc wizard, 3 orcs and
a quokka zombie.

Vanquished Creatures
  2 sky beasts (D:5)
  An ogre (D:4)
  A phantom (D:5)
  2 centaurs (D:5)
  A big kobold (D:5)
  An orc wizard (D:4)
  Natasha (thrice) (D:3)
  Terence (D:2)
  An iguana (D:4)
  4 worker ants
  8 adders
  4 gnolls (D:4)
  A shadow imp (D:5)
  An ufetubus (D:5)
  3 oozes (D:3)
  A dart slug (D:3)
  2 leopard geckos
  5 orcs (D:3)
  3 ball pythons (D:3)
  7 bats
  3 giant cockroaches
  2 goblins
  6 hobgoblins
  A frilled lizard (D:3)
  A jackal skeleton (D:4)
  A jackal zombie (D:5)
  11 kobolds
  5 rats
82 creatures vanquished.

Vanquished Creatures (others)
  A withered plant (D:4)
1 creature vanquished.

Grand Total: 83 creatures vanquished

Notes
Turn   | Place    | Note
-------+----------+-------------------------------------------
     0 | D:1      | Irenicus the Deep Dwarf Earth Elementalist began the quest
                  | for the Orb.
     0 | D:1      | Reached XP level 1. HP: 15/15 MP: 3/3
   410 | D:1      | Reached XP level 2. HP: 19/22 MP: 2/4
   444 | D:1      | Learned a level 2 spell: Passwall
   579 | D:1      | Reached skill level 5 in Earth Magic
   820 | D:2      | Found a blossoming altar of Fedhas.
   834 | D:2      | Reached XP level 3. HP: 21/28 MP: 0/5
   963 | D:2      | Noticed Terence
   986 | D:2      | Killed Terence
   986 | D:2      | Reached skill level 6 in Earth Magic
  1063 | D:3      | Noticed Natasha
  1070 | D:3      | Reached XP level 4. HP: 27/36 MP: 3/6
  1073 | D:3      | Killed Natasha
  1073 | D:3      | Reached skill level 7 in Earth Magic
  1085 | D:3      | Noticed Natasha
  1093 | D:3      | Killed Natasha
  1099 | D:3      | Found a radiant altar of Vehumet.
  1213 | D:3      | Reached XP level 5. HP: 32/42 MP: 7/7
  1475 | D:3      | Reached skill level 8 in Earth Magic
  1681 | D:3      | Noticed Natasha
  1686 | D:3      | Killed Natasha
  1853 | D:4      | Found Waist's Magic Scroll Boutique.
  1862 | D:4      | Reached skill level 9 in Earth Magic
  1862 | D:4      | Reached XP level 6. HP: 30/49 MP: 1/8
  1982 | D:4      | Found an ancient bone altar of Kikubaaqudgha.
  2325 | D:4      | Reached skill level 10 in Earth Magic
  2453 | D:5      | Entered Level 5 of the Dungeon
  2567 | D:5      | Reached XP level 7. HP: 22/55 MP: 9/9
  2637 | D:5      | Reached skill level 11 in Earth Magic
  2683 | D:5      | HP: 13/55 [shadow imp (1)]
  2684 | D:5      | Reached skill level 12 in Earth Magic
  2690 | D:5      | HP: 13/55 [centaur (5)]
  2696 | D:5      | HP: 8/55 [ufetubus (3)]
  2698 | D:5      | Reached XP level 8. HP: 9/62 MP: 3/10
  2708 | D:5      | HP: 7/62 [orc wizard/+0 dagger (2)]
  2713 | D:5      | HP: 8/62 [ogre/+0 giant club (10)]
  2715 | D:5      | HP: 1/62 [ogre/+0 giant club (7)]
  2721 | D:5      | Killed from afar by an orc priest

Illustrated notes

Levels and vault maps discovered:
D:1:      evilmike_arrival_plus, layout_basic
D:2:      layout_basic, fedhas_altar_2, uniq_robin, uniq_terence
D:3:      layout_basic, lemuel_crystal_altar, uniq_natasha
D:4:      minmay_wonky_spiral, layout_loops_ring, kiku_gazebo_garden_becter,
          serial_shops, shop_scrolls
D:5:      layout_basic, serial_shops, nicolae_shop_trees

Skill      XL: |  1  2  3  4  5  6  7 |
---------------+----------------------+-----
Earth Magic    | 5 6 7 9 10 12 | 12.4
Dodging        | |  2.1
Stealth        | |  2.4
Spellcasting   | |  1.7
Transmutations | |  0.8

Action                   |  1- 3 |  4- 6 |  7- 9 || total
-------------------------+-------+-------+-------++-------
Melee: Dagger            |    15 |   101 |    58 ||   174
Throw: Dart              |     5 |       |       ||     5
       Javelin           |       |     1 |       ||     1
 Cast: Sandblast         |    26 |    28 |    13 ||    67
       Passwall          |     5 |     2 |       ||     7
  Use: Potion            |       |     1 |     8 ||     9
       Scroll            |       |     1 |     9 ||    10
 Stab: Sleeping          |     4 |     1 |       ||     5
Armor: Leather armour    |     3 |    22 |    11 ||    36
       Ring mail         |       |    15 |       ||    15
       Skin              |       |       |    11 ||    11
Dodge: Dodged            |    13 |    88 |    40 ||   141

Table legend: (Time is in decaauts)
 A = Elapsed time spent in this place.
 B = Non-inter-level travel time spent in this place.
 C = Inter-level travel time spent in this place.
 D = Time resting spent in this place.
 E = Time spent auto-exploring this place.
 F = Levels seen in this place.
 G = Mean time per level.
                   A        B        C        D        E       F      G
               +--------+--------+--------+--------+--------+-----+--------+
         Total |   2720 |   2668 |     52 |      5 |    879 |   5 |  544.0 |
       Dungeon |   2720 |   2668 |     52 |      5 |    879 |   5 |  544.0 |
               +--------+--------+--------+--------+--------+-----+--------+

Top non-repeatable levels by time:
     D:3: 703 daAuts
     D:4: 691 daAuts
     D:1: 689 daAuts
     D:2: 369 daAuts
     D:5: 267 daAuts

Table legend:
 A = Kills in this place as a percentage of kills in entire the game.
 B = Kills by you in this place as a percentage of kills by you in the entire game.
 C = Kills by friends in this place as a percentage of kills by friends in the entire game.
 D = Other kills in this place as a percentage of other kills in the entire game.
 E = Experience gained in this place as a percentage of experience gained in the entire game.
 F = Experience gained in this place divided by the number of levels of this place that you have seen.
                   A       B       C       D       E      F
               +-------+-------+-------+-------+-------+----------------------
         Total | 100.0 | 100.0 |   N/A |   N/A | 100.0 | 294.0
       Dungeon | 100.0 | 100.0 |   N/A |   N/A | 100.0 | 294.0
               +-------+-------+-------+-------+-------+----------------------
